 Dungeon Crawl Stone Soup version 0.17.0-56-gd8de76c (webtiles) character file.

158725 ketsa the Severer (level 18, -4/142 HPs)
             Began as a Human Berserker on Dec 6, 2015.
             Was a High Priest of Trog.
             Slain by a salamander
             ... wielding a +3 trident
              (13 damage)
             ... on level 1 of the Snake Pit.
             The game lasted 02:17:15 (45915 turns).

ketsa the Severer (Human Berserker)                Turns: 45915, Time: 02:17:15

Health: -4/142     AC: 21    Str: 24    XL:     18   Next: 35%
Magic:  0/24       EV: 13    Int:  8    God:    Trog [*****.]
Gold:   3891       SH:  0    Dex: 14    Spells: 0 memorised, 17 levels left

rFire  . . .     SeeInvis +     B - +9 executioner's axe "Ari Fudy" {elec, +Rage SInv}
rCold  + . .     Clarity  .     J - +1 ring mail {rPois}
rNeg   . . .     SustAt   .     (shield currently unavailable)
rPois  +         Gourm    .     (no helmet)
rElec  .         Spirit   +     o - +2 cloak
rCorr  .         Warding  .     E - +2 pair of gloves
rMut   .         Stasis   .     f - +0 pair of boots
MR     +....                    F - amulet of guardian spirit
Stlth  +.........               H - ring of protection from cold
                                N - +3 ring of protection

@: about to teleport, constricted, somewhat resistant to hostile enchantments,
very unstealthy
A: no striking features
a: Berserk, Trog's Hand, Brothers in Arms, Burn Spellbooks, Renounce Religion,
Evoke Berserk Rage


You were on level 1 of the Snake Pit.
You worshipped Trog.
Trog was extremely pleased with you.
You were not hungry.

You visited 7 branches of the dungeon, and saw 34 of its levels.
You also visited: Labyrinth and Volcano.

You collected 4254 gold pieces.
You spent 363 gold pieces at shops.

Inventory:

Hand Weapons
 h - a +6 battleaxe of freezing
 j - the +9 whip of Riwn {venom, rElec rC- Str+10 Stlth+}
   (You found it on level 2 of the Lair of Beasts)

   It poisons the flesh of those it strikes.
   It affects your strength (+10).
   It makes you vulnerable to cold.
   It insulates you from electricity.
   It makes you more stealthy.
 z - a +5 antimagic battleaxe
 B - the +9 executioner's axe "Ari Fudy" (weapon) {elec, +Rage SInv}
   (Trog gifted it to you on level 6 of the Lair of Beasts)

   Occasionally, upon striking a foe, it will discharge some electrical energy
   and cause terrible harm.
   It lets you see invisible.
   It lets you go berserk.
 M - a +4 war axe of flaming
Missiles
 d - 7 poisoned javelins (quivered)
 L - 6 tomahawks of dispersal
Armour
 b - a +1 ring mail of fire resistance
 f - a +0 pair of boots (worn)
 o - a +2 cloak (worn)
 E - a +2 pair of gloves (worn)
 J - a +1 ring mail of poison resistance (worn)
 P - the +1 pair of gloves "Waalol" {rElec rC+ MR- Str+4}
   (You found it on level 3 of the Swamp)

   It affects your strength (+4).
   It protects you from cold.
   It insulates you from electricity.
   It affects your resistance to hostile enchantments.
 V - a +3 plate armour
Rods
 O - a -1 rod of inaccuracy (11/11)
   (You found it on level 5 of the Lair of Beasts)
Jewellery
 u - an uncursed ring of poison resistance
 y - a +2 ring of strength
 F - an amulet of guardian spirit (around neck)
 H - a ring of protection from cold (right hand)
 K - an uncursed amulet of resist mutation
 N - a +3 ring of protection (left hand)
Wands
 k - a wand of digging (13)
 l - a wand of fireball (4)
 s - a wand of draining (10)
 t - a wand of teleportation (7)
 D - a wand of disintegration (11)
 X - a wand of disintegration (13)
Scrolls
 e - 19 scrolls of remove curse
 g - a scroll of teleportation
 i - 6 scrolls of recharging
 n - 3 scrolls of enchant weapon
 r - 2 scrolls of enchant armour
 A - 5 scrolls of fog
 C - 12 scrolls of identify
 G - 2 scrolls of fear
 T - 2 scrolls of summoning
 Y - 3 scrolls of magic mapping
 Z - 4 scrolls of brand weapon
Potions
 p - 4 potions of flight
 v - 2 potions of cancellation
 w - 5 potions of curing
 x - 6 potions of agility
 I - 4 potions of lignification
 Q - 5 potions of resistance
 R - a potion of heal wounds
 U - a potion of cure mutation
Miscellaneous
 W - a stone of tremors
Comestibles
 a - 2 slices of pizza
 c - 17 bread rations
 m - 4 beef jerkies
 q - 19 meat rations
 S - 12 fruits


   Skills:
 + Level 12.6 Fighting
 * Level 20.1 Axes
 + Level 15.2 Armour
 - Level 9.0 Dodging
 - Level 8.9 Evocations


You had 17 spell levels left.
You didn't know any spells.

Dungeon Overview and Level Annotations

Branches:
Dungeon (15/15)            Temple (1/1) D:4            Lair (8/8) D:10
  Swamp (3/4) Lair:3        Snake (2/4) Lair:6        Slime (0/6) Lair:8
    Orc (4/4) D:10            Elf (0/3) Orc:4        Vaults (0/5) D:14
 Depths (1/5) D:15

Altars:
Ashenzari
Cheibriados
Dithmenos
Elyvilon
Fedhas
Gozag
Kikubaaqudgha
Makhleb
Nemelex Xobeh
Okawaru
Qazlal
Ru
Sif Muna
Trog
Vehumet
Xom
Yredelemnul
Zin
The Shining One
Beogh
Jiyva

Shops:
D:4 }   D:10 (   Orc:4 (}*(   Snake:1 *=

Portals:
Hell: Lair:8
Trove: D:13 (give +4 fire dragon armour)

Annotations:
Lair:8 1 runed door
Swamp:2 exclusion: Roxanne, Roxanne


Message History

* * * LOW HITPOINT WARNING * * *
You are engulfed in flames!
* * * LOW HITPOINT WARNING * * *
The naga sharpshooter shoots a bolt.
The bolt barely misses your troll. The bolt hits you!
* * * LOW HITPOINT WARNING * * *
The naga sharpshooter shoots an arrow.
The arrow hits your troll.
The salamander hits you but does no damage.
Drink which item? (? for menu, Esc to quit)
You feel much better.
You feel sick. The naga mage hits you with a flail!
* * * LOW HITPOINT WARNING * * *
The naga mage constricts you.
The salamander mystic gestures at you while chanting.
The poison in your system burns!
* * * LOW HITPOINT WARNING * * *
You are no longer poisoned.
The salamander hits you from afar with an enchanted trident!
* * * LOW HITPOINT WARNING * * *
You are engulfed in flames!
You die...

,,,,,**,........§≈≈≈≈..,,,,**,,,*
,,,,,**,.......NN≈§≈≈...,,,**,,,*
,,,,,***#####N...≈§≈≈...,,,**,,,*
,,,,,##### ##...≈≈≈....,,,**,,,*
,,,,,#...#####.T........,,,**,,,*
,,,,,#.......#..(#######*********
*****#.......##..# **##* *
######.......##.(# *...# *
.....#.......###@######...##*****
.....#.......##NNNNN........,,,,,
.....#.......##..NN.........,,,,,
*#...#......(##............,,,,,,
#...#..≈....##..........#*******
##...#.......##..........# *
####.....................###*****
##.........[.##.............,,,,,
##....###...........####.)..,,,,,


You could see 2 naga sharpshooters, a salamander mystic, 4 salamanders, 2 naga
magi, a naga and a friendly troll (berserk).

Vanquished Creatures
  Kirke (Lair:7)
  A thorn hunter (Swamp:2)
  Maud (D:12)
  The ghost of Nicoed the Destroyer, a journeyman HEFE of Elyvilon (Swamp:1)
  A very ugly thing (Swamp:1)
  2 dire elephants (Lair:8)
  Snorg (D:10)
  4 ogre magi (Orc:4)
  A minotaur (Lab)
  An ettin (Depths:1)
  Fannar (D:12)
  Harold (Orc:2)
  2 naga warriors (Snake:1)
  13 hydras
  3 anacondas (Snake:1)
  Erica (D:10)
  8 alligators
  A centaur warrior (D:15)
  6 death yaks (Lair:8)
  A catoblepas (Lair:3)
  2 dancing weapons (D:14)
  A queen ant (Lair:3)
  2 tengu warriors
  Urug (Orc:1)
  2 naga sharpshooters (Snake:1)
  2 shock serpents (Snake:1)
  Nergalle (Lair:1)
  The ghost of fredomojojo the Blocker, a novice MiFi of Elyvilon (D:7)
  6 skeletal warriors (D:15)
  A fire crab (Lair:8)
  A wizard (Lair:8)
  3 unseen horrors
  5 swamp dragons
  An oklob plant (Lair:8)
  A sphinx zombie (D:15)
  A wolf spider zombie (D:13)
  3 ugly things
  A cyclops (D:11)
  4 hill giants
  A phantasmal warrior (D:15)
  An orc sorcerer (Orc:3)
  2 orc knights
  7 griffons
  A mana viper (Snake:1)
  A necromancer (D:15)
  2 salamanders (Snake:1)
  A sixfirhy (Lair:8)
  10 elephants
  A manticore (D:15)
  2 hornets (Swamp:1)
  Maurice (D:10)
  14 black mambas
  2 guardian serpents (Snake:1)
  Joseph (D:10)
  A smoke demon (Lair:8)
  5 orange demons (Lair:8)
  4 naga magi
  16 spiny frogs
  2 torpor snails (Lair:8)
  Psyche (D:12)
  A yaktaur zombie (D:15)
  4 gargoyles
  3 komodo dragons
  A red devil (Lair:8)
  A tengu conjurer (D:13)
  2 fire drakes
  2 deep elf priests (Volcano)
  An efreet (D:15)
  4 freezing wraiths (Snake:1)
  A hellwing (Lair:8)
  6 trolls
  2 kobold demonologists
  2 polar bears
  A fire drake (shapeshifter) (D:15)
  A blue devil (Lair:8)
  12 two-headed ogres
  6 giant leeches
  24 blink frogs
  Grinder (D:5)
  The ghost of ketsa the Chopper, an amateur HuBe of Trog (D:4)
  5 slime creatures
  4 bog bodies
  A wolf spider simulacrum (D:15)
  An ice dragon zombie (D:15)
  5 shadows
  7 spriggans
  A fire dragon skeleton (D:15)
  57 yaks
  6 wraiths
  3 wyverns
  2 vampires (D:15)
  5 basilisks
  3 water elementals (D:15)
  3 hogs (Lair:7)
  5 hungry ghosts
  3 wargs
  11 hippogriffs
  3 deep elf fighters
  22 swamp worms
  24 vampire mosquitoes
  A hell hound (Lair:8)
  Edmund (D:5)
  23 insubstantial wisps
  6 soldier ants
  9 nagas
  27 wolves
  A phantom (D:8)
  23 water moccasins
  4 ice beasts
  10 porcupines
  2 black bears
  An eye of draining (D:10)
  2 sky beasts
  10 wasps
  10 swamp drakes
  A necrophage (D:10)
  14 crocodiles
  18 orc warriors
  13 centaurs
  37 ogres
  4 big kobolds
  A gnoll sergeant (D:11)
  20 giant frogs
  A wyvern zombie (D:15)
  13 killer bees
  4 scorpions
  3 wights (D:10)
  2 electric eels (Lair:5)
  3 quasits
  6 jellies
  3 giant frog zombies
  6 crimson imps
  4 centaur skeletons
  5 centaur zombies
  2 giant frog skeletons
  10 hounds
  11 iguanas
  32 orc wizards
  27 orc priests
  17 worker ants
  38 sheep
  2 hound skeletons
  74 river rats
  19 gnolls
  14 adders
  2 shadow imps
  An ooze (D:4)
  4 adder skeletons
  3 worms
  167 orcs
  5 ball pythons
  7 giant cockroaches
  12 hobgoblins
  20 kobolds
  5 quokkas
  15 bats
  A giant cockroach zombie (D:5)
  3 giant geckos
  A giant gecko skeleton (D:6)
  4 giant newts
  8 goblins
  15 jackals
  A quokka skeleton (D:8)
  14 rats
  25 fungi
  10 plants
1270 creatures vanquished.

Vanquished Creatures (collateral kills)
  3 hydras
  A deep elf knight (Volcano)
  A shambling mangrove (Swamp:3)
  2 griffons (Lair:8)
  A mana viper (Snake:1)
  A hornet (Swamp:2)
  A polar bear (Lair:8)
  2 slime creatures (Swamp:3)
  A bog body (Swamp:3)
  3 wolves (Lair:3)
  A naga (Snake:1)
  2 swamp worms (Swamp:3)
  A vampire mosquito (Swamp:3)
20 creatures vanquished.

Vanquished Creatures (others)
  Josephine (Lair:7)
  A human (Lair:7)
  A vampire mosquito (Swamp:1)
  A wasp (Swamp:2)
  A giant frog (Lair:3)
  54 fungi
  17 plants
76 creatures vanquished.

Grand Total: 1366 creatures vanquished

Notes
Turn   | Place    | Note
--------------------------------------------------------------
     0 | D:1      | ketsa the Human Berserker began the quest for the Orb.
     0 | D:1      | Reached XP level 1. HP: 18/18 MP: 1/1
   282 | D:1      | Reached XP level 2. HP: 22/24 MP: 2/2
  1032 | D:2      | Reached XP level 3. HP: 20/29 MP: 3/3
  1485 | D:2      | Reached skill level 4 in Axes
  1485 | D:2      | Reached XP level 4. HP: 35/35 MP: 4/4
  2040 | D:2      | Reached ** piety under Trog
  2205 | D:2      | Reached XP level 5. HP: 38/41 MP: 5/5
  2546 | D:2      | Found an ancient bone altar of Kikubaaqudgha.
  2889 | D:2      | Found a stormy altar of Qazlal.
  3045 | D:3      | Reached skill level 5 in Axes
  3307 | D:3      | Reached XP level 6. HP: 37/47 MP: 6/6
  3792 | D:3      | Reached *** piety under Trog
  4423 | D:4      | Noticed ketsa's ghost (amateur HuBe)
  4553 | D:4      | Killed ketsa's ghost
  4553 | D:4      | Reached skill level 6 in Axes
  4553 | D:4      | Reached XP level 7. HP: 50/52 MP: 7/7
  4668 | D:4      | Found a snail-covered altar of Cheibriados.
  4919 | D:4      | Found a staircase to the Ecumenical Temple.
  4929 | Temple   | Entered the Ecumenical Temple
  5006 | D:4      | Noticed an ogre
  5023 | D:4      | Killed an ogre
  5197 | D:4      | Found Ceivahej's Gadget Shop.
  5416 | D:4      | Noticed an ogre
  5426 | D:4      | Killed an ogre
  5426 | D:4      | Reached skill level 5 in Armour
  5426 | D:4      | Reached XP level 8. HP: 60/60 MP: 8/8
  5613 | D:4      | Reached skill level 7 in Axes
  5740 | D:5      | Entered Level 5 of the Dungeon
  6320 | D:5      | Noticed Grinder
  6331 | D:5      | Killed Grinder
  6429 | D:5      | Noticed Edmund
  6440 | D:5      | Killed Edmund
  6440 | D:5      | Reached skill level 5 in Fighting
  6440 | D:5      | Reached skill level 8 in Axes
  6502 | D:5      | Reached **** piety under Trog
  6663 | D:5      | Reached XP level 9. HP: 60/68 MP: 7/9
  7193 | D:6      | Found an iron altar of Okawaru.
  7196 | D:6      | Found a deep blue altar of Sif Muna.
  7197 | D:6      | Found a sacrificial altar of Ru.
  7198 | D:6      | Found a shattered altar of Ashenzari.
  7199 | D:6      | Found a shimmering altar of Xom.
  7200 | D:6      | Found a blossoming altar of Fedhas.
  7201 | D:6      | Found a glowing silver altar of Zin.
  7203 | D:6      | Found a white marble altar of Elyvilon.
  8154 | D:6      | Reached skill level 9 in Axes
  8601 | D:7      | Noticed fredomojojo's ghost (novice MiFi)
  8754 | D:7      | Killed fredomojojo's ghost
  8754 | D:7      | Reached XP level 10. HP: 70/77 MP: 7/10
  9144 | D:7      | Reached skill level 10 in Axes
  9698 | D:7      | Found a shadowy altar of Dithmenos.
  9698 | D:7      | Found a sparkling altar of Nemelex Xobeh.
 11626 | D:9      | Reached skill level 11 in Axes
 11762 | D:9      | Noticed a gargoyle
 11784 | D:9      | Killed a gargoyle
 12039 | D:9      | Reached ***** piety under Trog
 12326 | D:10     | Entered Level 10 of the Dungeon
 12569 | D:10     | Noticed Maurice
 12600 | D:10     | Reached XP level 11. HP: 70/86 MP: 8/11
 12821 | D:10     | Killed Maurice
 12903 | D:10     | Noticed Joseph
 12919 | D:10     | Killed Joseph
 12922 | D:10     | Reached skill level 12 in Axes
 12952 | D:10     | Noticed Erica
 12970 | D:10     | Killed Erica
 12971 | D:10     | Found a staircase to the Lair.
 12979 | Lair:1   | Entered Level 1 of the Lair of Beasts
 13154 | D:10     | Received a gift from Trog
 13604 | Lair:1   | Noticed Nergalle
 13622 | Lair:1   | Killed Nergalle
 13778 | Lair:1   | Noticed a five-headed hydra
 13895 | Lair:2   | Found a dark tunnel.
 13910 | Volcano  | Entered a volcano
 13930 | Volcano  | Found a radiant altar of Vehumet.
 13931 | Volcano  | Noticed a deep elf knight
 14081 | Volcano  | Reached XP level 12. HP: 71/95 MP: 4/12
 14088 | Volcano  | Reached skill level 13 in Axes
 14097 | Volcano  | Killed a deep elf knight
 14238 | Volcano  | Reached skill level 10 in Armour
 14436 | Lair:2   | Noticed a griffon
 14444 | Lair:2   | Killed a griffon
 14730 | Lair:2   | Noticed a five-headed hydra
 14749 | Lair:2   | Killed a five-headed hydra
 14877 | Lair:2   | Found an opulent altar of Gozag.
 14904 | Lair:2   | Got a polished whip
 16029 | Lair:3   | Found a labyrinth entrance.
 16060 | Lair:3   | Found a staircase to the Swamp.
 16080 | Lab      | Entered a labyrinth
 16326 | Lab      | Noticed a minotaur
 16333 | Lab      | Killed a minotaur
 16362 | Lair:3   | Identified the +9 whip of Riwn {venom, rElec rC- Str+10 Stlth+} (You found it on level 2 of the Lair of Beasts)
 16404 | Lair:3   | Reached skill level 10 in Fighting
 16409 | Swamp:1  | Entered Level 1 of the Swamp
 16509 | Lair:3   | Noticed an eight-headed hydra
 16524 | Lair:3   | Killed an eight-headed hydra
 16524 | Lair:3   | Reached skill level 14 in Axes
 17302 | Lair:3   | Noticed a catoblepas
 17314 | Lair:3   | Killed a catoblepas
 17314 | Lair:3   | Received a gift from Trog
 17314 | Lair:3   | Reached XP level 13. HP: 100/103 MP: 4/13
 17409 | Lair:3   | Got an ichor-stained lajatang
 17668 | Lair:3   | Noticed a queen ant
 17681 | Lair:3   | Killed a queen ant
 18521 | Lair:4   | Reached skill level 1 in Evocations
 19441 | Lair:4   | Reached skill level 15 in Axes
 19632 | Lair:4   | Received a gift from Trog
 20954 | Lair:6   | Found a staircase to the Snake Pit.
 21005 | Snake:1  | Entered Level 1 of the Snake Pit
 21098 | Lair:6   | Received a gift from Trog
 21672 | Lair:6   | Received a gift from Trog
 21675 | Lair:6   | Got a smoking executioner's axe {god gift}
 21676 | Lair:6   | Identified the +9 executioner's axe "Ari Fudy" {elec, +Rage SInv} (Trog gifted it to you on level 6 of the Lair of Beasts)
 22078 | Lair:6   | Reached XP level 14. HP: 111/111 MP: 5/16
 22942 | Lair:1   | Killed a five-headed hydra
 23834 | D:10     | Found a staircase to the Orcish Mines.
 23913 | D:10     | Found Oqosac's Antique Weapon Boutique.
 24192 | D:10     | Noticed Snorg
 24207 | D:10     | Killed Snorg
 24207 | D:10     | Reached skill level 16 in Axes
 24207 | D:10     | Reached skill level 5 in Evocations
 24644 | Orc:1    | Entered Level 1 of the Orcish Mines
 24747 | Orc:2    | Noticed Harold
 24772 | Orc:2    | Killed Harold
 25166 | Orc:1    | Received a gift from Trog
 25283 | Orc:1    | Noticed Urug
 25291 | Orc:1    | Killed Urug
 25764 | Orc:3    | Received a gift from Trog
 26013 | Orc:2    | Found a roughly hewn altar of Beogh.
 26018 | Orc:2    | Received a gift from Trog
 26392 | Orc:4    | Entered Level 4 of the Orcish Mines
 26722 | Orc:4    | Reached ****** piety under Trog
 26727 | Orc:4    | Received a gift from Trog
 26801 | Orc:4    | Found Xummiytor's Weapon Shoppe.
 27131 | Orc:4    | Found a staircase to the Elven Halls.
 27175 | Orc:4    | Found Ritog's Gadget Boutique.
 27175 | Orc:4    | Found Vonaesm Taeg's General Store.
 27176 | Orc:4    | Found Takliupn's Antique Weapon Shoppe.
 27176 | Orc:4    | Found Nirru's Weapon Boutique.
 27400 | Orc:4    | Paralysed by an ogre mage for 5 turns
 27765 | Orc:4    | Paralysed by an ogre mage for 2 turns
 27843 | Orc:4    | Received a gift from Trog
 28215 | Orc:4    | Bought a wand of teleportation (7) for 363 gold pieces
 28385 | Orc:2    | Received a gift from Trog
 28390 | Orc:2    | Reached XP level 15. HP: 65/117 MP: 10/19
 29293 | Lair:7   | Reached skill level 17 in Axes
 29300 | Lair:8   | Entered Level 8 of the Lair of Beasts
 29331 | Lair:7   | Noticed Josephine
 29336 | Lair:7   | Killed Josephine
 29368 | Lair:7   | Noticed Kirke
 29653 | Lair:7   | Killed Kirke
 30221 | Lair:7   | Received a gift from Trog
 30902 | Lair:8   | Found a runed door.
 30902 | Lair:8   | Found a viscous altar of Jiyva.
 30906 | Lair:8   | Found a staircase to the Slime Pits.
 32011 | Lair:8   | Reached skill level 18 in Axes
 32634 | Lair:8   | Found a burning altar of Makhleb.
 32647 | Lair:8   | Reached XP level 16. HP: 94/123 MP: 17/22
 32839 | Lair:8   | Received a gift from Trog
 33472 | Lair:8   | Found a gateway to Hell.
 33482 | Lair:8   | Identified a -1 rod of inaccuracy (11/11) (You found it on level 5 of the Lair of Beasts)
 34053 | D:11     | Reached skill level 5 in Dodging
 34745 | D:12     | Noticed Psyche
 34753 | D:12     | Killed Psyche
 34775 | D:12     | Noticed Fannar
 34785 | D:12     | Killed Fannar
 34790 | D:12     | Gained mutation: Your mind is acute. (Int +2) [potion of beneficial mutation]
 34791 | D:12     | Gained mutation: You can breathe flames. [potion of beneficial mutation]
 34900 | D:12     | Received a gift from Trog
 34904 | D:12     | Noticed Maud
 34917 | D:12     | Killed Maud
 34931 | D:12     | Lost mutation: You can breathe flames. [potion of cure mutation]
 34931 | D:12     | Lost mutation: Your mind is acute. (Int +2) [potion of cure mutation]
 35972 | D:13     | Found a portal to a secret trove of treasure.
 36194 | D:14     | Found a gate to the Vaults.
 36587 | D:15     | Entered Level 15 of the Dungeon
 36907 | D:14     | Found a deep blue altar of Sif Muna.
 37247 | D:15     | Received a gift from Trog
 37294 | D:15     | Found a staircase to the Depths.
 37323 | D:15     | Reached skill level 19 in Axes
 37328 | D:15     | Reached XP level 17. HP: 79/131 MP: 23/23
 38611 | Depths:1 | Entered Level 1 of the Depths
 39119 | Swamp:1  | Noticed an alligator
 39127 | Swamp:1  | Killed an alligator
 39142 | Swamp:1  | Noticed a green very ugly thing
 39149 | Swamp:1  | Killed a green very ugly thing
 39530 | Swamp:1  | Noticed an alligator
 39557 | Swamp:1  | Noticed Nicoed's ghost (journeyman HEFE)
 39635 | Swamp:1  | Killed Nicoed's ghost
 39782 | Swamp:1  | Received a gift from Trog
 39787 | Swamp:1  | Noticed an alligator
 39794 | Swamp:1  | Killed an alligator
 40079 | Swamp:1  | Killed an alligator
 41072 | Swamp:2  | Noticed Roxanne
 43118 | Swamp:3  | Reached XP level 18. HP: 110/141 MP: 24/24
 43295 | Swamp:3  | Got a pair of transparent gloves
 43303 | Swamp:3  | Identified the +1 pair of gloves "Waalol" {rElec rC+ MR- Str+4} (You found it on level 3 of the Swamp)
 43722 | Swamp:3  | Reached skill level 15 in Armour
 44429 | Snake:1  | Reached skill level 20 in Axes
 45192 | Snake:1  | Found Uphinit's Jewellery Shoppe.
 45201 | Snake:1  | Found Xahy's Assorted Antiques.
 45915 | Snake:1  | Slain by a salamander

Action                   |  1- 3 |  4- 6 |  7- 9 | 10-12 | 13-15 | 16-18 || total
-------------------------+-------+-------+-------+-------+-------+-------++-------
Melee: Hand axe          |    85 |   258 |   419 |   334 |       |       ||  1096
       War axe           |       |       |       |   145 |       |       ||   145
       Broad axe         |       |       |       |   279 |   198 |       ||   477
       Whip              |       |       |       |    19 |    66 |    96 ||   181
       Morningstar       |       |       |       |     8 |       |       ||     8
       Battleaxe         |       |       |       |       |   513 |       ||   513
       Executioner's axe |       |       |       |       |   459 |   932 ||  1391
Throw: Stone             |       |       |       |     3 |       |       ||     3
       Javelin           |       |       |       |       |       |     3 ||     3
Invok: Berserk           |     3 |     5 |    12 |    14 |     9 |     6 ||    49
       Trog's Hand       |       |       |       |     3 |     2 |     5 ||    10
       Brothers in Arms  |       |       |       |     2 |     2 |     6 ||    10
Evoke: Rod               |       |       |       |       |       |     2 ||     2
  Use: Scroll            |     2 |       |       |    27 |    10 |     6 ||    45
       Potion            |       |       |       |     5 |     1 |    14 ||    20
 Stab: Distracted        |       |       |       |       |     1 |       ||     1
       Confused          |       |       |       |       |       |     2 ||     2
  Eat: Chunk             |     4 |    13 |    16 |    34 |    45 |    56 ||   168
       Fruit             |       |     2 |       |     3 |    14 |     9 ||    28
       Beef jerky        |       |       |     2 |     1 |       |     2 ||     5
       Pizza             |       |       |     2 |       |     2 |       ||     4
       Meat ration       |       |       |     1 |     1 |       |       ||     2
       Bread ration      |       |       |       |       |       |     1 ||     1
